 Dungeon Crawl Stone Soup version 0.30-a0-939-gc8157cb160 (webtiles) character file.

Game seed: 5113082526973764518

56522 2tousent the Frost Mage (level 14, -2/118 HPs)
             Began as a Demonspawn Ice Elementalist on Mar 25, 2023.
             Was the Champion of Cheibriados.
             Killed from afar by Jorgrun (27 damage)
             ... with a blast of rock fragments
             ... on level 1 of the Orcish Mines.
             The game lasted 01:00:20 (20493 turns).

2tousent the Frost Mage (DsIE)                     Turns: 20493, Time: 01:00:24

Health: -2/118     AC: 25    Str: 26    XL:     14   Next: 42%
Magic:  11/32      EV: 19    Int: 40    God:    Cheibriados [******]
Gold:   853        SH:  9    Dex: 29    Spells: 2/26 levels left

rFire   + . .      SeeInvis .    c - +1 dagger (freeze)
rCold   + . .      Faith    .    (no shield)
rNeg    . . .      Spirit   .    L - +0 steam dragon scales
rPois   .          Reflect  +    r - +0 helmet
rElec   +          Rampage  .    s - scarf {shadows}
rCorr   .                        (no gloves)
Will    +....                    (no boots)
Stlth   +++                      k - amulet of reflection
HPRegen 0.39/turn                e - +6 ring of intelligence
MPRegen 0.23/turn                H - ring of Ohimn {rElec rF+ rC+ MP+9}

@: ice-armoured, death channelling, grasped by roots, constricted, very slow
A: claws 2, yellow scales 2, icemail 1, condensation shield, demonic magic 2
a: Renounce Religion, Bend Time, Temporal Distortion, Slouch, Step From Time


You were on level 1 of the Orcish Mines.
You worshipped Cheibriados.
Cheibriados was exalted by your worship.
You visited 3 branches of the dungeon, and saw 17 of its levels.

You collected 1180 gold pieces.
You spent 327 gold pieces at shops.

Inventory:

Hand Weapons
 c - a +1 dagger of freezing (weapon)
 x - the +6 flail of Law {heavy, MP+9}
   (You found it on level 7 of the Dungeon)

   MP:        It affects your magic capacity (+9).
 I - the +1 arbalest "Fomy" {antimagic, rN+ Dex+3}
   (You bought it in a shop on level 9 of the Dungeon)

   Dex:       It affects your dexterity (+3).
   rN:        It protects you from negative energy.
Armour
 a - a +0 robe
 q - a +0 leather armour
 r - a +0 helmet (worn)
 s - a scarf of shadows (worn)
 L - +0 steam dragon scales (worn)
Jewellery
 e - a +6 ring of intelligence (left claw)
 g - a ring of willpower
 k - an amulet of reflection (around neck)
 l - a +6 ring of intelligence
 u - a ring of magical power
 v - an amulet of the acrobat
 C - a ring of ice
 H - the ring of Ohimn (right claw) {rElec rF+ rC+ MP+9}
   (You found it on level 9 of the Dungeon)

   [ring of magical power]

   rF:        It protects you from fire.
   rC:        It protects you from cold.
   rElec:     It insulates you from electricity.
   MP:        It affects your magic capacity (+9).
 R - a ring of wizardry
 U - an amulet of magic regeneration
Wands
 A - a wand of paralysis (11)
 F - a wand of mindburst (6)
 J - a wand of polymorph (13)
 M - a wand of digging (13)
 N - a wand of flame (21)
 S - a wand of iceblast (5)
Scrolls
 h - a scroll of noise
 n - 4 scrolls of teleportation
 o - 4 scrolls of immolation
 p - 5 scrolls of magic mapping
 y - 4 scrolls of fog
 B - 2 scrolls of amnesia
 O - a scroll of fear
 P - a scroll of silence
 Q - a scroll of brand weapon
 V - a scroll of enchant armour {unknown}
Potions
 b - a potion of magic
 d - 2 potions of ambrosia
 f - 15 potions of curing
 i - 3 potions of attraction
 j - 4 potions of degeneration
 m - a potion of invisibility
 t - 5 potions of mutation
 w - 4 potions of lignification
 z - 2 potions of haste
 D - 2 potions of flight
 E - 4 potions of heal wounds
 G - a potion of resistance {unknown}
 K - 3 potions of brilliance
 T - 3 potions of cancellation


   Skills:
 + Level 13.5 Fighting
 + Level 9.8 Dodging
 - Level 2.1 Stealth
 - Level 6.5 Spellcasting
 - Level 4.0 Summonings
 - Level 10.0 Necromancy
 + Level 14.4 Ice Magic
 + Level 0.6 Invocations


You had 2 spell levels left.
You knew the following spells:

 Your Spells              Type           Power      Damage    Failure   Level
a - Freeze                Ice            100%       1d10      0%          1
b - Frozen Ramparts       Ice            100%       1d16      1%          3
c - Ozocubu's Armour      Ice            91%        N/A       1%          3
d - Summon Ice Beast      Ice/Summ       72%        N/A       1%          4
e - Sublimation of Blood  Necr           75%        N/A       1%          2
f - Hailstorm             Conj/Ice       63%        3d13      1%          3
g - Cigotuvi's Dreadful   Necr/Pois/Air  78%        N/A       1%          2
h - Death Channel         Necr           37%        N/A       6%          6

Your spell library contained the following spells:

 Spells                   Type           Power      Damage    Failure   Level
 Summon Small Mammal      Summ           100%       N/A       1%          1
 Foxfire                  Conj/Fire      52%        2x1d6     2%          1
 Sting                    Tmut/Pois      52%        1d5       2%          1
 Poisonous Vapours        Pois/Air       26%        N/A       3%          2
 Wereblood                Tmut           13%        N/A       3%          2
 Call Canine Familiar     Summ           45%        N/A       1%          3
 Dispel Undead            Necr           75%        3d25      1%          4
 Ice Form                 Ice/Tmut       63%        N/A       1%          4
 Summon Guardian Golem    Hex/Summ       29%        N/A       3%          3
 Anguish                  Hex/Necr       26%        N/A       3%          4
 Ignite Poison            Fire/Tmut/Pois 13%        N/A       8%          3
 Inner Flame              Hex/Fire       13%        N/A       8%          3
 Portal Projectile        Hex/Tloc       26%        N/A       8%          3
 Stone Arrow              Conj/Erth      26%        3d8       8%          3
 Animate Armour           Summ/Erth      58%        N/A       11%         4
 Cause Fear               Hex            6%         N/A       26%         4
 Leda's Liquefaction      Hex/Erth       6%         N/A       26%         4
 Olgreb's Toxic Radiance  Pois           13%        N/A       26%         4
 Fireball                 Conj/Fire      6%         3d5       56%         5
 Yara's Violent Unravell  Hex/Tmut       6%         3d5       56%         5
 Starburst                Conj/Fire      6%         6d4       98%         6
 Summon Hydra             Summ           22%        N/A       99%         7
 Enfeeble                 Hex            6%         N/A       100%        7
 Discord                  Hex            6%         N/A       100%        8
 Lehudib's Crystal Spear  Conj/Erth      6%         10d3      100%        8


Dungeon Overview and Level Annotations

Branches:
Dungeon (11/15)            Temple (0/1) D:5            Lair (5/5) D:10
 Shoals (0/4) Lair:3        Snake (0/4) Lair:3        Slime (0/5) Lair:5
    Orc (1/2) D:11

Altars:
Cheibriados
Dithmenos
Makhleb
Okawaru
Qazlal
Trog
Yredelemnul
Jiyva

Shops:
D:9 (   D:11 =

Annotations:
Lair:5 3 runed translucent doors, Wesoiho's ghost, journeyman DsNe
Orc:1 Jorgrun


Innate Abilities, Weirdness & Mutations

You have very sharp fingernails.
You are mostly covered in yellow scales. (AC +3)
A meltable icy envelope protects you from harm. (AC +4)
A meltable shield of frost defends you. (SH +4)
Spells you cast may paralyse nearby enemies.


Message History

Aiming: Freeze (safe; 0% risk of failure)
Press: ? - help, Shift-Dir - straight line, f/p - Jorgrun
Aim: Jorgrun, wielding a +0 heavy quarterstaff and wearing a +2 robe (moderately wounded, spells empowered, ally target)
You freeze Jorgrun!
Jorgrun is moderately wounded.
Malevolent energies surge around you.
Your ice beast barely misses Jorgrun.
Your spectral orc priest misses Jorgrun.
Your spectral ogre misses Jorgrun.
Your spectral orc closely misses Jorgrun.
Unknown command.
Casting: Freeze (safe; 0% risk of failure)
Confirm with . or Enter, or press ? or * to list all spells.
Aiming: Freeze (safe; 0% risk of failure)
Press: ? - help, Shift-Dir - straight line, f/p - Jorgrun
Aim: Jorgrun, wielding a +0 heavy quarterstaff and wearing a +2 robe (moderately wounded, spells empowered, ally target)
You freeze Jorgrun.
Jorgrun is heavily wounded.
Malevolent energies surge around you.
The wall freezes Jorgrun but does no damage.
Jorgrun says, "'tis place shall be yer tomb!"
Jorgrun hits you with a +0 heavy quarterstaff.
The grasping roots constrict you!!
* * * LOW HITPOINT WARNING * * *
Your ice beast barely misses Jorgrun.
Your spectral orc closely misses Jorgrun.
Your spectral orc priest hits Jorgrun but does no damage.
Casting: Freeze (safe; 0% risk of failure)
Confirm with . or Enter, or press ? or * to list all spells.
Aiming: Freeze (safe; 0% risk of failure)
Press: ? - help, Shift-Dir - straight line, f/p - Jorgrun
Aim: Jorgrun, wielding a +0 heavy quarterstaff and wearing a +2 robe (heavily wounded, spells empowered, ally target)
You freeze Jorgrun.
Jorgrun is heavily wounded.
Malevolent energies surge around you.
The frozen ramparts melt away.
Your spectral ogre completely misses Jorgrun.
Your spectral orc priest hits Jorgrun but does no damage.
Your spectral orc misses Jorgrun.
Jorgrun gestures next to you while chanting.
The wall shatters!
The blast of rock fragments hits you!!
You die...

...........
.#.......... .
........... ..
#..........
..#.#.........
#..)Z)..#....
#.ZgZ......#.
###@Y........
##$........
#$.........
#..........
##.......... .
#...#.#.......
##.#...###.....
##........#.....
#...#..........#.


You could see Jorgrun (empowered, ally target), a friendly spectral orc, a
friendly spectral orc priest, a friendly spectral ogre and a friendly ice beast
(summoned).

Vanquished Creatures
  A hydra (Lair:3)
  A two-headed ogre (D:11)
  An orc high priest (D:11)
  2 goliath frogs (Lair:5)
  A skyshark (Lair:5)
  An ugly thing (D:11)
  2 manticores (D:11)
  A salamander (Lair:3)
  A black mamba (Lair:3)
  13 elephants
  A merfolk siren (Lair:3)
  15 cane toads
  A rime drake (Lair:3)
  3 unseen horrors
  5 komodo dragons
  4 trolls
  A tyrant leech (Lair:5)
  3 polar bears
  19 blink frogs
  12 dream sheep
  12 spriggans (Lair:1)
  A shadow (D:11)
  A water elemental (D:11)
  2 wyverns (D:10)
  A wraith (D:9)
  40 yaks
  3 basilisks
  2 steam dragons
  Grum (D:11)
  6 vampire mosquitoes
  11 water moccasins
  2 wargs
  Duvessa (D:6)
  2 acid dragons
  4 orc warriors
  2 ice beasts (D:6)
  3 sky beasts
  A black bear (D:4)
  22 wolves
  4 centaurs
  4 ogres
  A phantom (D:4)
  3 kobold brigands
  8 bullfrogs
  4 scorpions
  Dowan (D:6)
  35 killer bees
  5 electric eels
  3 howler monkeys (D:11)
  A lava snake (Lair:3)
  2 jellies
  6 orc priests
  A hound (D:6)
  6 iguanas
  10 orc wizards
  3 sleepcaps
  6 gnolls
  10 adders
  2 shadow imps
  A white imp (D:6)
  An ufetubus (D:4)
  A worm (D:4)
  5 dart slugs
  39 orcs
  7 bats
  9 endoplasms
  4 giant cockroaches
  8 goblins
  12 hobgoblins
  9 jackals
  8 quokkas
  12 ball pythons
  4 frilled lizards
  16 kobolds
  6 rats
462 creatures vanquished.

Vanquished Creatures (collateral kills)
  2 hydras
  A two-headed ogre (D:11)
  An orc sorcerer (Orc:1)
  11 elephants
  6 cane toads (Lair:5)
  A komodo dragon (Lair:5)
  A rime drake (Lair:3)
  A tyrant leech (Lair:5)
  A polar bear (Lair:5)
  10 blink frogs
  A dream sheep (Lair:5)
  2 wyverns
  A yak (D:10)
  A basilisk (D:10)
  6 vampire mosquitoes
  2 wargs (Orc:1)
  2 water moccasins (Lair:5)
  An ice beast (D:7)
  2 orc warriors
  A black bear (Lair:3)
  A sky beast (D:6)
  2 wolves (Lair:5)
  A kobold brigand (D:10)
  3 bullfrogs (Lair:5)
  A gnoll sergeant (D:7)
  A scorpion (D:10)
  2 killer bees
  5 electric eels (D:11)
  A hound (D:6)
  A lava snake (Lair:3)
  An orc priest (Orc:1)
  An orc wizard (D:10)
  10 orcs
  4 kobolds (D:10)
88 creatures vanquished.

Vanquished Creatures (others)
  A wizard (D:5)
  A bush (D:10)
  48 fungi
  122 plants
172 creatures vanquished.

Grand Total: 722 creatures vanquished

Notes
Turn   | Place    | Note
-------+----------+-------------------------------------------
     0 | D:1      | 2tousent the Demonspawn Ice Elementalist began the quest
                  | for the Orb.
     0 | D:1      | Reached XP level 1. HP: 13/13 MP: 3/3
    86 | D:1      | Gained mutation: Spells you cast may paralyse adjacent
                  | enemies. [demonic ancestry]
    86 | D:1      | Reached XP level 2. HP: 12/19 MP: 0/5
   560 | D:1      | Gained mutation: You are partially covered in yellow
                  | scales. (AC +2) [demonic ancestry]
   560 | D:1      | Reached XP level 3. HP: 25/25 MP: 2/6
   569 | D:1      | Reached skill level 4 in Ice Magic
   771 | D:1      | Learned a level 3 spell: Frozen Ramparts
  1660 | D:2      | Found a snail-covered altar of Cheibriados.
  1674 | D:2      | Became a worshipper of Cheibriados the Contemplative
  1687 | D:2      | Reached skill level 1 in Fighting
  1704 | D:2      | Gained mutation: A meltable shield of frost defends you.
                  | (SH +4) [demonic ancestry]
  1704 | D:2      | Reached XP level 4. HP: 32/32 MP: 1/7
  1710 | D:2      | Learned a level 3 spell: Ozocubu's Armour
  2391 | D:3      | You fall into a shaft and drop 3 floors!
  2406 | D:6      | Noticed a bullfrog
  2409 | D:6      | Killed a bullfrog
  2410 | D:6      | Reached XP level 5. HP: 38/38 MP: 2/9
  2416 | D:6      | Reached skill level 5 in Ice Magic
  2480 | D:5      | Entered Level 5 of the Dungeon
  2533 | D:5      | Reached XP level 6. HP: 45/45 MP: 0/10
  2641 | D:5      | Learned a level 4 spell: Summon Ice Beast
  2693 | D:5      | Reached * piety under Cheibriados
  3006 | D:4      | Reached skill level 1 in Summonings
  3251 | D:3      | Reached XP level 7. HP: 34/52 MP: 10/12
  3330 | D:3      | Found Zin's Purification Station.
  3337 | D:3      | Bought a potion of curing for 90 gold pieces
  3829 | D:3      | Learned a level 2 spell: Sublimation of Blood
  3981 | D:4      | Reached skill level 6 in Ice Magic
  4225 | D:4      | Reached ** piety under Cheibriados
  4788 | D:5      | Found a bloodstained altar of Trog.
  4789 | D:5      | Noticed a wizard
  4793 | D:5      | Killed a wizard
  4835 | D:5      | Found a staircase to the Ecumenical Temple.
  4880 | D:5      | Found a shadowy altar of Dithmenos.
  4975 | D:5      | Gained mutation: You are mostly covered in yellow scales.
                  | (AC +3) [demonic ancestry]
  4975 | D:5      | Reached XP level 8. HP: 59/60 MP: 14/14
  5339 | D:6      | Reached skill level 7 in Ice Magic
  5480 | D:6      | Found a basalt altar of Yredelemnul.
  5567 | D:6      | Found the +5 scythe "Finisher" {speed, eviscerate}
  5765 | D:6      | Reached skill level 5 in Spellcasting
  5987 | D:6      | Noticed Duvessa
  5988 | D:6      | Noticed Dowan
  5994 | D:6      | Killed Duvessa
  5994 | D:6      | Killed Dowan
  5995 | D:6      | Reached skill level 5 in Fighting
  6163 | D:6      | Found a snail-covered altar of Cheibriados.
  6190 | D:7      | Reached skill level 8 in Ice Magic
  6346 | D:7      | Gained mutation: You have sharp fingernails. [demonic
                  | ancestry]
  6346 | D:7      | Reached XP level 9. HP: 66/68 MP: 16/16
  6529 | D:7      | Identified the +6 flail of Law {heavy, MP+9}
  6585 | D:7      | Reached *** piety under Cheibriados
  7695 | D:8      | Reached skill level 9 in Ice Magic
  7938 | D:8      | Noticed a troll
  7949 | D:8      | Killed a troll
  8337 | D:9      | Identified the ring of Ohimn {rElec rF+ rC+ MP+9}
  8748 | D:9      | Learned a level 3 spell: Hailstorm
  8751 | D:9      | Learned a level 2 spell: Cigotuvi's Dreadful Rot
  8770 | D:9      | Reached XP level 10. HP: 40/72 MP: 19/19
  8925 | D:9      | Found Qaec's Antique Weapon Shoppe.
  8930 | D:9      | Bought a translucent arbalest for 237 gold pieces
  8930 | D:9      | Identified the +1 arbalest "Fomy" {antimagic, rN+ Dex+3}
                  | (You bought it in a shop on level 9 of the Dungeon)
  9048 | D:9      | Found a stormy altar of Qazlal.
  9135 | D:10     | Entered Level 10 of the Dungeon
  9174 | D:10     | Reached skill level 1 in Necromancy
  9256 | D:10     | Reached skill level 10 in Ice Magic
  9372 | D:10     | Reached **** piety under Cheibriados
 10012 | D:10     | Gained mutation: Spells you cast may paralyse nearby
                  | enemies. [demonic ancestry]
 10012 | D:10     | Reached XP level 11. HP: 80/86 MP: 20/20
 10216 | D:10     | Found a staircase to the Lair.
 10244 | D:10     | Reached skill level 5 in Dodging
 10601 | D:10     | Found a burning altar of Makhleb.
 10730 | D:10     | Found an iron altar of Okawaru.
 11142 | D:11     | Noticed Grum
 11265 | D:11     | Reached skill level 11 in Ice Magic
 11348 | D:11     | Noticed a two-headed ogre
 11359 | D:11     | Killed a two-headed ogre
 11795 | D:11     | Found Eqasebbu's Jewellery Emporium.
 11802 | D:11     | Noticed a two-headed ogre
 11808 | D:11     | Killed a two-headed ogre
 12439 | D:11     | Reached skill level 10 in Fighting
 12789 | D:11     | Found a staircase to the Orcish Mines.
 12831 | D:11     | Reached ***** piety under Cheibriados
 12893 | D:11     | Killed Grum
 13159 | D:11     | Noticed a red ugly thing
 13173 | D:11     | Killed a red ugly thing
 13174 | D:11     | Reached skill level 12 in Ice Magic
 13280 | Lair:1   | Entered Level 1 of the Lair of Beasts
 13652 | Lair:1   | Gained mutation: A meltable icy envelope protects you from
                  | harm. (AC +4) [demonic ancestry]
 13652 | Lair:1   | Reached XP level 12. HP: 99/99 MP: 13/21
 13772 | Lair:1   | Reached skill level 5 in Necromancy
 15022 | Lair:1   | Learned a level 6 spell: Death Channel
 15089 | Lair:2   | Noticed a four-headed hydra
 15098 | Lair:2   | Killed a four-headed hydra
 15638 | Lair:2   | Reached skill level 13 in Ice Magic
 16083 | Lair:3   | Gained mutation: You have very sharp fingernails. [demonic
                  | ancestry]
 16083 | Lair:3   | Reached XP level 13. HP: 93/107 MP: 15/22
 17185 | Lair:3   | Found a staircase to the Shoals.
 17243 | Lair:3   | Found a staircase to the Snake Pit.
 17916 | Lair:4   | Reached ****** piety under Cheibriados
 18518 | Lair:5   | Entered Level 5 of the Lair of Beasts
 18518 | Lair:5   | Found a runed translucent gate.
 18518 | Lair:5   | Found a runed translucent gate.
 18518 | Lair:5   | Found a runed translucent gate.
 18876 | Lair:5   | Reached XP level 14. HP: 83/116 MP: 10/23
 18890 | Lair:5   | Reached skill level 14 in Ice Magic
 18891 | Lair:5   | Reached skill level 10 in Necromancy
 19236 | Lair:5   | Noticed Wesoiho's ghost (journeyman DsNe)
 19292 | Lair:5   | Found a viscous altar of Jiyva.
 19292 | Lair:5   | Found a staircase to the Slime Pits.
 19536 | Lair:5   | Found the +12 pair of quick blades "Gyre" and "Gimble"
                  | {protect}
 19544 | Lair:5   | Got Nagoajasimp's Writings on Moulding
 20161 | Orc:1    | Entered Level 1 of the Orcish Mines
 20481 | Orc:1    | Noticed Jorgrun
 20493 | Orc:1    | Killed from afar by Jorgrun

Illustrated notes

Levels and vault maps discovered:
D:1:      dreamdust_arrival_beginning_and_end, layout_basic
D:2:      layout_basic, basic_altar, grunt_decor_mini_mirrors
D:3:      layout_loops_ring, zin_purify, kennysheep_generic_room_4
D:4:      layout_loops_corners, grunt_ministairs_14
D:5:      cheibrodos_thug_alley, layout_cave_pools, general_overflow_altar,
          trog_wizard, minmay_temple_entry_junction
D:6:      layout_basic, mainiacjoe_overflow_paths,
          mainiacjoe_overflow_big_doors, grunt_decor_clamped, uniq_duvessa
D:7:      layout_cave_pods, kennysheep_generic_room_12
D:8:      layout_cave_pools
D:9:      layout_irregular_city, nicolae_qazlal_eye_of_the_storm, serial_shops,
          shop
D:10:     layout_layer_cave, kennysheep_mini, grunt_temple_overflow_open,
          minmay_lair_entry_grove, enter_bailey_5, chequers_big_river
D:11:     layout_basic, orc_0_dummy, minmay_shop_enchanted_jewellery, uniq_grum
Lair:1:   wad_woods_minihive, layout_cave_pods, grunt_megastairs_4
Lair:2:   layout_loops_ring, serial_bayou_shore_b, lemuel_fruit_tree
Lair:3:   layout_regular_city, minmay_shoals_entry_lonely_mermaid,
          nicolae_snake_entry_warm_welcome
Lair:4:   layout_concentric_octagons, grunt_megastairs_3
Lair:5:   minmay_lair_end_frog_pond, layout_regular_city, slime_entry_1,
          maelrawn_ghost_gauntlet_escape, nicolae_quartered_pool_impasse,
          chequers_serial_rivers_micro_b, st_stairs_6, lemuel_fruit_fields,
          serial_bayou_shore_b
Orc:1:    layout_caves, uniq_jorgrun

Skill      XL: |  1  2  3  4  5  6  7  8  9 10 11 12 13 14 |
---------------+-------------------------------------------+-----
Stealth        | 2 |  2.1
Dodging        | 2 4 5 7 9 |  9.8
Ice Magic      | 4 5 6 8 9 10 12 13 14 | 14.4
Fighting       | 1 2 3 5 6 8 10 11 12 13 | 13.5
Spellcasting   | 3 4 5 6 |  6.5
Summonings     | 1 2 4 |  4.0
Necromancy     | 4 7 9 10 | 10.0
Invocations    | |  0.6

Action                     |  1- 3 |  4- 6 |  7- 9 | 10-12 | 13-15 || total
---------------------------+-------+-------+-------+-------+-------++-------
  Melee: Dagger            |    48 |    58 |   121 |   162 |   106 ||   495
         Punch             |     1 |     1 |     4 |     4 |     5 ||    15
   Cast: Freeze            |    41 |    31 |    79 |   128 |   103 ||   382
         Frozen Ramparts   |       |     4 |    19 |    42 |    27 ||    92
         Ozocubu's Armour  |       |     4 |     7 |    17 |     6 ||    34
         Summon Ice Beast  |       |       |     9 |    27 |    12 ||    48
         Cigotuvi's Dreadf |       |       |     1 |       |       ||     1
         Hailstorm         |       |       |       |    45 |    30 ||    75
         Sublimation of Bl |       |       |       |     4 |     4 ||     8
         Death Channel     |       |       |       |       |     7 ||     7
  Evoke: Wand              |       |       |       |     4 |     2 ||     6
    Use: Scroll            |     2 |       |    13 |     3 |     9 ||    27
         Potion            |       |       |       |     1 |       ||     1
   Stab: Paralysed         |     7 |    18 |    56 |    71 |    58 ||   210
         Sleeping          |     5 |     4 |    11 |     2 |     2 ||    24
         Distracted        |       |       |       |     2 |     1 ||     3
 Armour: Robe              |    12 |     7 |    52 |    13 |       ||    84
         Leather armour    |       |     5 |     2 |       |       ||     7
         Steam dragon scal |       |       |       |    98 |    73 ||   171
  Dodge: Dodged            |    51 |    35 |    92 |   218 |   186 ||   582
  Block: Other             |       |     3 |    27 |    63 |    97 ||   190
         Reflection        |       |       |       |       |     3 ||     3

Table legend: (Time is in decaauts)
 A = Elapsed time spent in this place.
 B = Non-inter-level travel time spent in this place.
 C = Inter-level travel time spent in this place.
 D = Time resting spent in this place.
 E = Time spent auto-exploring this place.
 F = Levels seen in this place.
 G = Mean time per level.
                   A        B        C        D        E       F      G
               +--------+--------+--------+--------+--------+-----+--------+
         Total |  28287 |  26892 |   1395 |    607 |  22802 |  17 | 1663.9 |
       Dungeon |  17494 |  16641 |    853 |    515 |  13799 |  11 | 1590.4 |
          Lair |  10630 |  10088 |    542 |     92 |   8903 |   5 | 2126.0 |
  Orcish Mines |    163 |    163 |      0 |      0 |     99 |   1 |  163.0 |
               +--------+--------+--------+--------+--------+-----+--------+

Top non-repeatable levels by time:
    D:10: 3228 daAuts
    D:11: 2738 daAuts
  Lair:1: 2576 daAuts
  Lair:5: 2315 daAuts
  Lair:3: 2161 daAuts
  Lair:4: 1799 daAuts
  Lair:2: 1778 daAuts
     D:7: 1694 daAuts
     D:1: 1545 daAuts
     D:4: 1517 daAuts
     D:9: 1406 daAuts
     D:6: 1346 daAuts
     D:5: 1047 daAuts
     D:2: 1001 daAuts
     D:3: 985 daAuts
